 Dungeon Crawl Stone Soup version 0.26-a0-1138-gef23d1325b (webtiles) character file.

Game seed: 8261760242155956712

161 ANON1729 the Ruffian (level 5, 0/44 HPs)
             Began as a Deep Dwarf Transmuter on Dec 21, 2020.
             Slain by an orc
             ... wielding a +0 war axe
              (6 damage)
             ... on level 3 of the Dungeon.
             The game lasted 00:05:30 (2325 turns).

ANON1729 the Ruffian (Deep Dwarf Transmuter)        Turns: 2325, Time: 00:05:31

Health: 0/44       AC:  2    Str: 13 (14) XL:     5   Next: 19%
Magic:  8/8        EV: 12    Int: 13 (14) God:
Gold:   180        SH:  0    Dex: 10 (13) Spells: 8/9 levels left

rFire    . . .     SeeInvis .   g - +1 spear (vamp)
rCold    + . .     Faith    .   (no shield)
rNeg     . . .     Spirit   .   a - +0 robe
rPois    .         Reflect  .   (no helmet)
rElec    .         Harm     .   (no cloak)
rCorr    .         Rampage  .   (no gloves)
Will     .....     Rnd*Rage +   (no boots)
Stlth    +.........             (no amulet)
HPRegen  0.00/turn              (no ring)
MPRegen  0.11/turn              (no ring)

@: berserk cooldown, non-regenerating, slowed, very slow
A: damage resistance, heal wounds, berserk 1, cold resistance 1, sense
surroundings 1, evolution 1, no regeneration
a: Heal Wounds


You were on level 3 of the Dungeon.
You visited 1 branch of the dungeon, and saw 3 of its levels.

You collected 180 gold pieces.

Inventory:

Hand Weapons
 d - a +2 dagger of draining
 g - a +1 vampiric spear (weapon)
Armour
 a - a +0 robe (worn)
Jewellery
 m - an uncursed amulet of the acrobat {unknown}
Scrolls
 h - a scroll of fog
 j - a scroll of noise {unknown}
 k - a scroll of immolation {unknown}
Potions
 f - a potion of brilliance
 i - a potion of attraction


   Skills:
 - Level 1.1 Fighting
 * Level 2.9 Polearms
 - Level 2.4 Dodging
 - Level 3.0 Unarmed Combat
 + Level 2.9 Spellcasting
 - Level 2.1 Transmutations


You had 8 spell levels left.
You knew the following spells:

 Your Spells              Type           Power        Failure   Level
a - Beastly Appendage     Tmut           14%          10%         1

Your spell library contained the following spells:

 Spells                   Type           Power        Failure   Level
 Wereblood                Tmut           7%           14%         2
 Spider Form              Tmut/Pois      2%           41%         3
 Ice Form                 Ice/Tmut       4%           83%         4
 Blade Hands              Tmut           3%           95%         5


Dungeon Overview and Level Annotations

Branches:
Dungeon (3/15)

Altars:
Dithmenos
Elyvilon
Gozag


Innate Abilities, Weirdness & Mutations

You are resistant to damage.
You can heal yourself by infusing magical energy.
You passively map a small area around you.
You do not regenerate.
You tend to lose your temper in combat.
Your flesh is cold resistant. (rC+)
You evolve.


Message History

You hit the orc but do no damage.
The orc is severely wounded.
The orc hits you with a +0 dagger. x2
You hit the orc.
You kill the orc!
You closely miss the orc.
The orc is severely wounded.
The orc closely misses you. The orc hits you with a +0 rapier.
You closely miss the orc.
The orc is severely wounded.
The orc hits you with a +0 rapier!
* * * LOW HITPOINT WARNING * * *
You hit the orc.
You feel better.
You kill the orc!
You hit the orc.
The orc is lightly wounded.
The orc hits you with a +0 war axe.
* * * LOW HITPOINT WARNING * * *
The orc hits you with a +0 war axe!
You die...

.....#..# #.##*#..# * #.
.####.#.# #... #..## * #. .#
###.#, #....#...# , #.
#######.# #....#...# , , #.
##......# *#)...†...## , , #.
##......#..* * #....# ** ###
##......#...# #...(# .#* #..
##.....##.....####....#...#
,,###
##.....##.......@o).†...... ,
#.
###################.#######**
#. # #.# #.#.#...# # #. # #.#
#...#...#.# #. ## #########.#
###.#...#.# #. .# #.......#.#
###.....÷...# #. .#
#.#####.#.# #...####..### #.
.# #.#####.#.#
#...##....####### ##
#..#......####...##.##........


You could see an orc.

Vanquished Creatures
  A jelly (D:2)
  An orc priest (D:3)
  Terence (D:3)
  An adder (D:3)
  An ooze (D:3)
  A dart slug (D:2)
  8 orcs
  A ball python (D:2)
  5 giant cockroaches
  6 goblins
  4 hobgoblins
  10 kobolds
  7 bats
  4 frilled lizards
  4 rats
55 creatures vanquished.

Notes
Turn   | Place    | Note
-------+----------+-------------------------------------------
     0 | D:1      | ANON1729 the Deep Dwarf Transmuter began the quest for the
                  | Orb.
     0 | D:1      | Reached XP level 1. HP: 16/16 MP: 3/3
    35 | D:1      | Reached skill level 1 in Fighting
   266 | D:1      | Reached XP level 2. HP: 16/25 MP: 2/4
  1020 | D:2      | Reached skill level 3 in Unarmed Combat
  1126 | D:2      | Reached skill level 1 in Polearms
  1126 | D:2      | Reached XP level 3. HP: 23/31 MP: 6/6
  1344 | D:2      | Found an opulent altar of Gozag.
  1344 | D:2      | Found a shadowy altar of Dithmenos.
  1727 | D:3      | Reached XP level 4. HP: 32/38 MP: 7/7
  2058 | D:3      | Found a white marble altar of Elyvilon.
  2246 | D:3      | Noticed Terence
  2285 | D:3      | Gained mutation: You tend to lose your temper in combat.
                  | [potion of mutation]
  2285 | D:3      | Gained mutation: You evolve. [potion of mutation]
  2285 | D:3      | Gained mutation: Your flesh is cold resistant. (rC+)
                  | [potion of mutation]
  2303 | D:3      | Killed Terence
  2304 | D:3      | Reached XP level 5. HP: 44/44 MP: 8/8
  2325 | D:3      | Slain by an orc

Illustrated notes

Levels and vault maps discovered:
D:1:      dpeg_arrival_another_circle, layout_basic
D:2:      layout_basic, chequers_temple_overflow_statue_of_worship
D:3:      minmay_recursive_quarters, layout_loops_cross, elyvilon_altar_4,
          uniq_terence

Skill      XL: |  1  2  3  4 |
---------------+-------------+-----
Fighting       | 1 |  1.1
Transmutations | 2 |  2.1
Spellcasting   | 2 |  2.9
Unarmed Combat | 3 |  3.0
Polearms       | 1 2 |  2.9
Dodging        | |  2.4

Action                   |  1- 3 |  4- 6 || total
-------------------------+-------+-------++-------
Melee: Unarmed           |    38 |       ||    38
       Kick              |     6 |       ||     6
       Headbutt          |     3 |       ||     3
       Spear             |    59 |   122 ||   181
       Punch             |       |     2 ||     2
 Cast: Beastly Appendage |     6 |       ||     6
 Abil: Heal Wounds       |     1 |     1 ||     2
  Use: Scroll            |     1 |     1 ||     2
       Potion            |       |     6 ||     6
 Stab: Sleeping          |     2 |     2 ||     4
Armor: Robe              |    19 |    17 ||    36
Dodge: Dodged            |    63 |    69 ||   132

Table legend: (Time is in decaauts)
 A = Elapsed time spent in this place.
 B = Non-inter-level travel time spent in this place.
 C = Inter-level travel time spent in this place.
 D = Time resting spent in this place.
 E = Time spent auto-exploring this place.
 F = Levels seen in this place.
 G = Mean time per level.
                   A        B        C        D        E       F      G
               +--------+--------+--------+--------+--------+-----+--------+
         Total |   2327 |   2153 |    174 |    100 |   1657 |   3 |  775.7 |
       Dungeon |   2327 |   2153 |    174 |    100 |   1657 |   3 |  775.7 |
               +--------+--------+--------+--------+--------+-----+--------+

Top non-repeatable levels by time:
     D:1: 884 daAuts
     D:2: 751 daAuts
     D:3: 692 daAuts
